 Dungeon Crawl Stone Soup version 0.21.1-1-g345015f (webtiles) character file.

282 inc the Changer (level 6, 6/38 HPs)
             Began as an Octopode Transmuter on Mar 16, 2018.
             Quit the game on level 5 of the Dungeon.
             The game lasted 00:08:28 (3703 turns).

inc the Changer (Octopode Transmuter)               Turns: 3703, Time: 00:08:29

Health: 6/38       AC:  1    Str: 10    XL:     6   Next: 28%
Magic:  8/9        EV: 13    Int: 17    God:
Gold:   149        SH:  0    Dex: 12    Spells: 3/9 levels left

rFire    . . .     SeeInvis .     - Unarmed
rCold    . . .     Gourm    .   (no shield)
rNeg     . . .     Faith    .   (helmet restricted)
rPois    .         Spirit   .   (no amulet)
rElec    .         Reflect  .   (no ring)
rCorr    .         Harm     .   (no ring)
MR       .....                  (no ring)
Stlth    ++........             (no ring)
HPRegen  0.12/turn              (no ring)
MPRegen  0.11/turn              (no ring)
                                (no ring)
                                (no ring)

@: appendage
A: almost no armour, stealthy swim, amphibious, 8 rings, constrict 8, tentacle
spike 3, camouflage 1, gelatinous body 1
a: End Transformation


You were on level 5 of the Dungeon.
You were not hungry.
One of your tentacles had a temporary spike.
You visited 2 branches of the dungeon, and saw 6 of its levels.

You collected 149 gold pieces.

Inventory:

Missiles
 a - 43 arrows
Wands
 k - a wand of flame (63)
Scrolls
 d - a scroll of amnesia
 g - 2 scrolls of teleportation
Potions
 f - 2 potions of cancellation
 i - a potion of lignification
 l - a potion of haste
 m - a potion of might
Books
 b - a book of Changes

   Spells                             Type                      Level
   a - Beastly Appendage              Transmutation                1
   b - Sticks to Snakes               Transmutation                2
   c - Spider Form                    Transmutation/Poison         3
   d - Ice Form                       Ice/Transmutation            4
   e - Blade Hands                    Transmutation                5
 p - a book of Maledictions

   Spells                             Type                      Level
   a - Corona                         Hexes                        1
   b - Ensorcelled Hibernation        Hexes/Ice                    2
   c - Confuse                        Hexes                        3
   d - Tukima's Dance                 Hexes                        3
   e - Dazzling Spray                 Conjuration/Hexes            3
Comestibles
 c - 3 rations


   Skills:
 - Level 1.0 Fighting
 - Level 2.0 Dodging
 - Level 3.0 Unarmed Combat
 - Level 2.0 Spellcasting
 + Level 6.4 Transmutations


You had 3 spell levels left.
You knew the following spells:

 Your Spells              Type           Power        Failure   Level  Hunger
a - Beastly Appendage     Tmut           ###...       1%          1    #......
b - Sticks to Snakes      Tmut           ###.....     1%          2    ###....
c - Spider Form           Tmut/Pois      ##........   16%         3    ###....


Dungeon Overview and Level Annotations

Branches:
Dungeon (5/15)             Temple (1/1) D:4

Altars:
Ashenzari
Cheibriados
Dithmenos
Elyvilon
Fedhas
Hepliaklqana
Kikubaaqudgha
Makhleb
Nemelex Xobeh
Okawaru
Qazlal
Ru
Vehumet
Xom
Yredelemnul
The Shining One


Innate Abilities, Weirdness & Mutations

You cannot wear most types of armour.
You are very stealthy in the water. (Stealth+)
You are amphibious.
You can wear up to eight rings at the same time.
You can use your tentacles to constrict eight enemies at once.
Your skin changes colour to match your surroundings (Stealth+).
Your rubbery body absorbs attacks. (AC +1, EV +1)
One of your tentacles bears a large vicious spike.


Message History

One of your tentacles grows a vicious spike.
The centaur shouts!
The centaur closely misses you. The centaur barely misses you.
You closely miss the centaur. You squeeze the centaur.
The centaur is lightly wounded.
The centaur hits you!
You barely miss the centaur.
You pierce the centaur, but do no damage.
The centaur is lightly wounded.
The centaur hits you. The centaur hits you!
* * * LOW HITPOINT WARNING * * *
You closely miss the centaur.
You squeeze the centaur, but do no damage.
The centaur is lightly wounded.
The centaur barely misses you.
You tentacle-slap the centaur.
Your tentacle spike misses the centaur.
You tentacle-slap the centaur.
The centaur is heavily wounded.
The centaur closely misses you.
Are you sure you want to abandon this character and quit the game? (Confirm with "yes".)

....$......#........
...........#.........
...........#.........
...........'...#
...........#.#.#
.........###.# #
..####.).# #.#
####..c###.#
.......@...#
...#...##### ..+...
####


You could see a centaur.

Vanquished Creatures
  A howler monkey (D:5)
  A hound (D:3)
  Terence (D:3)
  9 adders
  3 gnolls (D:4)
  2 oozes
  A worm (D:2)
  2 dart slugs
  2 leopard geckos
  A ball python (D:2)
  4 bats
  2 giant cockroaches
  2 goblins
  6 hobgoblins
  4 jackals (D:3)
  3 quokkas (D:2)
  4 frilled lizards
  10 kobolds
  8 rats
66 creatures vanquished.

Vanquished Creatures (collateral kills)
  A rat (D:1)
1 creature vanquished.

Grand Total: 67 creatures vanquished

Notes
Turn   | Place    | Note
-------+----------+-------------------------------------------
     0 | D:1      | inc the Octopode Transmuter began the quest for the Orb.
     0 | D:1      | Reached XP level 1. HP: 13/13 MP: 3/3
   144 | D:1      | Reached XP level 2. HP: 12/18 MP: 3/5
   405 | D:1      | Learned a level 2 spell: Sticks to Snakes
   416 | D:1      | Reached skill level 3 in Transmutations
   949 | D:2      | Reached XP level 3. HP: 22/23 MP: 4/6
   960 | D:2      | Learned a level 3 spell: Spider Form
  1419 | D:2      | Reached skill level 4 in Transmutations
  1553 | D:2      | Reached XP level 4. HP: 20/28 MP: 5/7
  2240 | D:3      | Found a faded altar of an unknown god.
  2552 | D:3      | Noticed Terence
  2614 | D:3      | Reached skill level 5 in Transmutations
  2614 | D:3      | Reached XP level 5. HP: 27/33 MP: 6/8
  2792 | D:3      | Killed Terence
  2991 | D:4      | Found a staircase to the Ecumenical Temple.
  3022 | Temple   | Entered the Ecumenical Temple
  3376 | D:4      | Reached skill level 6 in Transmutations
  3376 | D:4      | Reached XP level 6. HP: 26/38 MP: 9/9
  3647 | D:5      | Entered Level 5 of the Dungeon
  3703 | D:5      | Quit the game

Skill      XL: |  1  2  3  4  5 |
---------------+----------------+-----
Transmutations | 3 4 5 6 |  6.4
Fighting       | |  1.0
Dodging        | |  2.0
Unarmed Combat | |  3.0
Spellcasting   | |  2.0

Action                   |  1- 3 |  4- 6 || total
-------------------------+-------+-------++-------
Melee: Unarmed           |    74 |   107 ||   181
       Constrict         |    21 |    23 ||    44
       Kick              |    10 |    19 ||    29
       Tentacles         |     9 |    13 ||    22
       Punch             |     2 |     3 ||     5
 Cast: Beastly Appendage |    21 |    18 ||    39
       Sticks to Snakes  |     2 |     3 ||     5
       Spider Form       |       |     1 ||     1
  Use: Scroll            |       |    10 ||    10
 Stab: Sleeping          |     2 |     6 ||     8
  Eat: Chunk             |     3 |     1 ||     4
       Ration            |       |     2 ||     2
Armor: Skin              |     4 |     7 ||    11
Dodge: Dodged            |    49 |    76 ||   125
